AoeStats
← MeowMe

Arena

506619949Analyzed
4v4 RM · 17d ago on Sep 14, 2026· 37m 11s· 8 players
Game mode
Random Map
Map size
Large (8 player)
Population
200
Speed
Normal
Resources
Standard
Victory
Conquest
Starting age
Dark Age
Ending age
Imperial Age
RankedLock teamsTeams togetherTeam positionsShared explorationLock speedFull tech treeHidden civsTurbo modeCheats
Victory
Defeat
🇦🇺 Bengalis · Australia
1625
+11
🇦🇺 Byzantines · Australia
1584
+13
🇨🇭 Persians · Switzerland
1483
+17
🇦🇺 Slavs · Australia
1364
+21
🇧🇾 Berbers · Belarus
1523
-16
🇧🇪 Wu · Belgium
1511
-16
🇷🇺 Mapuche · Russia
1510
-16
🇬🇪 Ethiopians · Georgia
1463
-14
OLADUSHEK
10:29 Feudal Age
11:42 Double-Bit Axe
14:35 Castle Age
12:45 Horse Collar
15:29 Bow Saw
15:25 Heavy Plow
21:24 Wheelbarrow
20:47 Gold Mining
21:29 Loom
22:29 Hand Cart
22:42 Town Watch
24:01 Treadmill Crane
27:25 Imperial Age
25:32 Scale Barding Armor
25:37 Forging
26:21 Gold Shaft Mining
26:33 Bloodlines
26:24 Husbandry
27:17 Chain Barding Armor
27:16 Husbandry
27:35 Heavy Camel Rider
29:15 Plate Barding Armor
30:18 Chemistry
30:20 Iron Casting
29:40 Stone Mining
30:38 Conscription
31:26 Stone Shaft Mining
32:01 Crop Rotation
31:22 Fletching
32:34 Blast Furnace
31:25 Fletching
31:35 Padded Archer Armor
32:02 Town Patrol
33:21 Kasbah
34:09 Bodkin Arrow
35:13 Maghrebi Camels
35:15 Bracer
35:36 Ballistics
36:06 Thumb Ring
36:20 Leather Archer Armor
SiraZaika
11:07 Feudal Age
13:08 Double-Bit Axe
15:30 Castle Age
13:40 Horse Collar
17:10 Wheelbarrow
17:41 Loom
21:50 Bow Saw
22:03 Town Watch
23:22 Heavy Plow
23:13 Gold Mining
28:27 Imperial Age
26:14 Fletching
27:15 Bodkin Arrow
27:31 Malon
28:17 Ballistics
28:08 Padded Archer Armor
28:42 Hand Cart
29:16 Leather Archer Armor
29:33 Conscription
29:47 Elite Bolas Rider
32:04 Chemistry
32:32 Conscription
32:43 Scale Mail Armor
32:53 Forging
32:05 Champi Runner
34:11 Ring Archer Armor
34:04 Forging
34:09 Chain Mail Armor
33:16 Champi Warrior
36:59 Iron Casting
36:14 Elite Champi Warrior
belgawizard
10:42 Feudal Age
14:41 Castle Age
13:03 Double-Bit Axe
13:38 Horse Collar
15:44 Bow Saw
19:05 Loom
21:12 Wheelbarrow
21:06 Stone Mining
21:45 Gold Mining
22:30 Fletching
23:43 Ballistics
24:25 Heavy Plow
24:57 Hand Cart
25:24 Bodkin Arrow
27:29 Gold Shaft Mining
29:53 Imperial Age
28:19 Town Watch
29:09 Red Cliffs Tactics
29:25 Padded Archer Armor
31:03 Leather Archer Armor
31:15 Conscription
31:09 Bracer
32:13 Chemistry
30:36 Elite Fire Archer
33:19 Arson
33:40 Scale Mail Armor
33:50 Forging
34:22 Squires
34:44 Chain Mail Armor
37:02 Plate Mail Armor
37:08 Iron Casting
MeowMe
11:58 Feudal Age
13:19 Town Watch
13:40 Double-Bit Axe
16:05 Castle Age
14:24 Loom
19:06 Bow Saw
19:56 Scale Mail Armor
20:10 Forging
21:12 Chain Mail Armor
24:09 Fletching
30:04 Ballistics
32:53 Royal Heirs
36:11 Horse Collar
38:01 Wheelbarrow
Schlumpf
10:43 Feudal Age
14:28 Castle Age
12:34 Double-Bit Axe
13:21 Horse Collar
19:23 Wheelbarrow
18:35 Town Watch
18:36 Loom
22:33 Stone Mining
22:45 Heavy Plow
23:01 Bow Saw
24:02 Town Patrol
27:02 Scale Barding Armor
29:28 Imperial Age
27:14 Hand Cart
27:22 Ballistics
27:59 Bloodlines
28:41 Masonry
28:59 Chain Barding Armor
28:58 Murder Holes
29:30 Forging
29:27 Heavy Camel Rider
31:17 Husbandry
31:53 Plate Barding Armor
33:13 Iron Casting
34:07 Architecture
33:50 Citadels
34:00 Conscription
33:18 Cavalier
35:37 Fletching
36:49 Chemistry
36:04 Gold Mining
35:43 Savar
37:00 Bodkin Arrow
bobbitshobbits
11:48 Feudal Age
15:48 Castle Age
13:35 Horse Collar
16:42 Double-Bit Axe
17:39 Bow Saw
17:56 Heavy Plow
22:26 Wheelbarrow
23:49 Hand Cart
23:52 Gold Mining
28:33 Imperial Age
25:49 Loom
28:01 Scale Mail Armor
28:11 Forging
28:36 Gambesons
28:51 Squires
28:36 Arson
29:08 Chain Mail Armor
28:31 Pikeman
28:47 Man-at-Arms
28:57 Capped Ram
30:16 Iron Casting
30:05 Halberdier
32:13 Plate Mail Armor
31:45 Siege Ram
34:53 Chemistry
35:34 Two-Man Saw
34:18 Long Swordsman
eimer6174
10:40 Feudal Age
14:27 Castle Age
12:15 Horse Collar
13:15 Double-Bit Axe
18:12 Wheelbarrow
18:43 Heavy Plow
20:37 Gold Mining
21:05 Hand Cart
27:09 Imperial Age
24:24 Loom
24:25 Town Watch
25:45 Bow Saw
26:04 Sanctity
25:55 Fervor
26:29 Gold Shaft Mining
25:46 Stone Mining
26:54 Fletching
27:05 Padded Archer Armor
27:26 Ballistics
27:57 Bodkin Arrow
30:39 Two-Man Saw
31:09 Chemistry
29:58 Elite Elephant Archer
30:59 Bracer
31:42 Leather Archer Armor
31:39 Bloodlines
31:29 Husbandry
34:17 Conscription
34:49 Paiks
35:16 Ring Archer Armor
36:15 Coinage
36:42 Mahayana
37:08 Scale Mail Armor
37:19 Forging
37:16 Scale Barding Armor
Fenrir
10:29 Feudal Age
14:56 Castle Age
13:19 Double-Bit Axe
13:33 Horse Collar
15:59 Bow Saw
15:49 Heavy Plow
22:18 Fortified Wall
24:26 Wheelbarrow
23:47 Town Watch
28:51 Imperial Age
26:44 Scale Mail Armor
27:32 Forging
27:59 Hand Cart
27:48 Town Patrol
27:34 Loom
27:26 Pikeman
28:30 Chain Mail Armor
28:19 Squires
28:44 Gold Mining
28:47 Stone Mining
29:14 Halberdier
30:25 Plate Mail Armor
31:32 Two-Man Saw
30:53 Onager
30:57 Capped Ram
31:12 Onager
32:16 Careening
33:10 Chemistry
33:33 Iron Casting
34:30 Conscription
35:42 Elite Boyar
37:02 Gold Shaft Mining
Connection lost

Rejoining the realm…

Still unreachable

The connection could not be restored.

Session expired

The server has moved on; the page needs a fresh start.